Map: Orbital Shipyard

Players

lesha

  • Race: Terran Terran
  • League: Gold

crazyMarikun - Winner!

  • Race: Terran Terran
  • League: Bronze

VOD

Have the link to the VOD?

Description

Time

  • Played on: Jan. 13, 2016, 10:34 a.m.
  • Length: 14:33
Show
View Real Time Build Order
Export as new Build Order

lesha Terran 

Build Orders: Reaper Expand, MMM Bio 

Get SALT Encoding   

  12  0:01  SCV  
  13  0:13  SCV  
  14  0:18  Supply Depot  
  14  0:25  SCV  
  15  0:39  SCV  
  15  0:41  Barracks  
  16  0:45  Refinery  
  16  0:51  SCV  
  17  1:03  SCV  
  18  1:16  SCV  
  19  1:29  Orbital Command  
  19  1:32  Reaper  
  20  1:42  Command Center  
  20  2:01  SCV  
  20  2:08  Supply Depot  
  21  2:15  Factory  
  21  2:16  Marine  
  21  2:18  SCV  
  23  2:37  Barracks  
  23  2:39  SCV, Refinery  
  24  2:51  SCV  
  25  3:03  Orbital Command  
  24  3:14  Barracks Reactor  
  24  3:22  Factory Tech Lab  
  24  3:28  Starport  
  24  3:31  Barracks  
  24  3:32  Engineering Bay  
  24  3:33  SCV x2  
  26  3:35  Supply Depot  
  26  3:37  Barracks Tech Lab  
  26  3:45  SCV  
  26  3:46  SCV  
  28  3:54  Marine x2  
  30  3:56  Siege Tank  
  30  3:57  SCV  
  30  3:58  SCV  
  30  3:59  Supply Depot  
  30  4:01  Refinery  
  30  4:02  Refinery  
  35  4:06  Marauder  
  35  4:08  Starport Reactor  
  37  4:16  SCV x2  
  39  4:18  Marine  
  39  4:19  Marine  
  39  4:21  Barracks Reactor  
  41  4:28  SCV, Marine  
  41  4:29  SCV  
  44  4:36  Stimpack, Marine  
  44  4:37  Marine  
  46  4:46  Marine  
  46  4:47  Barracks  
  46  4:51  SCV x2  
  49  4:54  Terran Infantry Weapons Level 1  
  49  4:58  Marine x4  
  53  5:09  Marine  
  53  5:10  Command Center  
  53  5:12  Medivac  
  53  5:14  SCV  
  57  5:15  SCV  
  58  5:24  Marine x3  
  58  5:25  Marine  
  62  5:34  Supply Depot  
  62  5:36  Supply Depot  
  62  5:43  Engineering Bay  
  62  5:55  Medivac, Marine x5  
  62  5:56  SCV  
  70  5:58  SCV, Siege Tank  
  74  6:08  Medivac  
  76  6:17  Marine x2  
  78  6:19  Barracks Reactor  
  78  6:21  Marine x2  
  80  6:29  Supply Depot, Terran Infantry Armor Level 1  
  80  6:30  Supply Depot  
  80  6:31  Armory  
  80  6:36  Combat Shields  
  68  6:55  Marine x3  
  68  6:56  Missile Turret, Marine x4  
  68  6:58  Medivac  
  68  6:59  Missile Turret  
  72  7:33  Orbital Command  
  72  7:37  SCV x2  
  74  7:49  SCV x2  
  74  7:50  Marine x5  
  74  7:51  Marine  
  82  7:52  Marauder  
  82  7:53  Medivac x2  
  82  7:55  Siege Tank  
  91  8:00  Missile Turret  
  91  8:01  SCV  
  91  8:04  Missile Turret  
  92  8:06  SCV  
  92  8:07  SCV, Missile Turret  
  92  8:09  Marine  
  92  8:10  Marine  
  92  8:12  Marine  
  97  8:18  Terran Infantry Weapons Level 2  
  97  8:21  SCV  
  97  8:26  Marine x3  
  101  8:30  Siege Tank  
  101  8:32  Marine x2  
  106  9:07  Marine  
  106  9:08  Marine x5  
  106  9:09  Medivac  
  114  9:10  Medivac  
  116  9:19  Terran Infantry Armor Level 2  
  116  9:21  Supply Depot x2  
  116  9:23  Supply Depot  
  116  9:24  Supply Depot  
  116  9:41  Marauder  
  113  9:46  Command Center  
  107  10:18  Marine x3  
  107  10:19  Marine x2  
  107  10:20  Marauder  
  114  10:29  Barracks  
  114  10:31  Barracks x2  
  114  10:32  Barracks  
  114  10:34  Barracks  
  114  10:41  Marauder  
  95  11:12  Marine x4  
  95  11:13  Marine x2  
  101  11:21  Command Center  
  101  11:29  Barracks Tech Lab x4  
  101  11:30  Command Center  
  101  11:35  Marine  
  101  11:36  Marine x6  
  101  11:38  Terran Infantry Weapons Level 3  
  101  11:39  Terran Infantry Armor Level 3  
  98  11:55  Barracks Tech Lab  
  97  12:02  SCV x3  
  97  12:08  Marine x6  
  102  12:09  Marine  
  102  12:10  Marauder x4  
  102  12:14  SCV x2  
  102  12:15  SCV  
  118  12:20  Medivac  
  118  12:21  Medivac  
  122  12:26  SCV  
  122  12:27  SCV, Marauder  
  126  12:31  Marauder  
  132  12:37  Marauder x4  
  132  12:39  Marine  
  137  12:46  Planetary Fortress  
  137  12:48  Marauder  
  137  12:49  Planetary Fortress  
  139  12:52  Marauder  
  139  12:55  Refinery x2  
  139  12:57  SCV x3  
  146  12:58  Marauder  
  146  13:02  Marine  
  146  13:03  Marine x3  
  150  13:06  Marauder  
  150  13:09  SCV x3  
  155  13:18  Marauder x4  
  98  14:02  Marine  
  98  14:03  Marine x3  
  98  14:04  Marauder x6  
Show
View Real Time Build Order
Export as new Build Order

crazyMarikun Terran - Winner!

Build Orders: MMM Bio 

Get SALT Encoding   

  12  0:03  SCV  
  13  0:15  SCV  
  14  0:23  Supply Depot  
  14  0:27  SCV  
  15  0:44  SCV  
  15  0:47  Barracks  
  16  0:57  SCV  
  17  1:15  Command Center  
  17  1:17  SCV  
  18  1:33  Marine  
  18  1:34  Supply Depot  
  18  1:37  Refinery  
  19  1:43  Orbital Command  
  19  1:51  Marine  
  20  2:07  Engineering Bay  
  20  2:10  SCV  
  20  2:12  Marine  
  22  2:22  SCV  
  23  2:33  Barracks  
  23  2:37  SCV  
  23  2:41  Missile Turret  
  24  2:50  SCV  
  24  3:02  Orbital Command  
  24  3:13  Marine  
  24  3:18  Terran Infantry Weapons Level 1  
  25  3:30  Factory  
  25  3:33  SCV  
  25  3:34  Refinery  
  26  3:35  SCV  
  26  3:38  Supply Depot  
  26  3:40  Barracks Tech Lab  
  27  3:45  SCV  
  27  3:47  SCV  
  29  3:49  Supply Depot  
  29  3:59  SCV  
  30  4:06  Stimpack  
  30  4:07  SCV  
  31  4:11  SCV  
  31  4:16  Supply Depot  
  32  4:20  SCV, Barracks  
  32  4:23  SCV  
  34  4:32  Starport  
  34  4:33  Refinery  
  34  4:35  Missile Turret  
  34  4:36  SCV  
  35  4:39  Marine  
  35  4:40  Marine  
  37  4:48  SCV  
  38  4:57  Marine  
  38  4:58  Barracks x2, Marine  
  40  5:02  Armory  
  40  5:05  Engineering Bay  
  40  5:09  Barracks Reactor  
  40  5:11  Medivac  
  42  5:17  Marine  
  43  5:23  SCV  
  43  5:25  SCV  
  45  5:29  Refinery  
  45  5:31  Marine  
  45  5:34  Factory Tech Lab  
  45  5:35  SCV  
  47  5:37  SCV  
  47  5:41  Medivac  
  47  5:42  Terran Infantry Armor Level 1  
  50  5:47  SCV  
  50  5:49  SCV, Marine  
  53  5:51  Barracks Tech Lab  
  53  5:53  Barracks Tech Lab  
  53  5:59  SCV  
  53  6:01  SCV, Marauder  
  53  6:02  Marine x2  
  59  6:06  Marine  
  59  6:07  Siege Tank  
  63  6:11  SCV  
  63  6:13  Supply Depot, SCV  
  63  6:16  Marauder  
  67  6:20  Marine  
  67  6:23  Marauder  
  70  6:33  Marine  
  69  6:54  SCV  
  69  6:57  Medivac  
  69  6:59  Siege Tank  
  75  7:06  SCV  
  75  7:27  Medivac  
  75  7:31  Siege Tank  
  75  7:40  Marine x2  
  75  7:41  Marine  
  78  7:48  Command Center  
  78  7:57  Supply Depot x2  
  78  7:58  Terran Infantry Weapons Level 2  
  78  7:59  Terran Infantry Armor Level 2  
  78  8:01  Terran Vehicle Weapons Level 1  
  78  8:18  Viking, Siege Tank, Marine x5  
  88  8:21  Supply Depot  
  88  8:22  Supply Depot  
  88  8:26  Combat Shields  
  88  8:36  Marine x5  
  93  8:45  Supply Depot  
  93  8:54  Marine x2  
  95  9:07  Siege Tank  
  98  9:10  Marine x2  
  98  9:12  Marine  
  98  9:14  Marine x3  
  104  9:18  Supply Depot, Medivac  
  106  9:28  Marine x2  
  106  9:29  Marine  
  109  9:32  Marine x3  
  112  9:40  Factory  
  112  9:46  Marine x2  
  112  9:47  Marine  
  112  9:48  Medivac  
  112  9:50  Marine  
  115  10:18  Medivac  
  115  10:21  SCV  
  118  10:33  SCV  
  119  10:45  SCV  
  119  10:49  Barracks Reactor  
  110  11:09  Terran Infantry Weapons Level 3  
  110  11:10  Terran Infantry Armor Level 3  
  110  11:23  Marine x3  
  110  11:24  Siege Tank  
  116  11:40  Marine  
  113  11:56  Siege Tank  
  113  11:59  SCV  
  113  12:01  Refinery  
  111  12:02  Refinery  
  111  12:05  Siege Tank  
  111  12:06  Medivac  
  116  12:08  Supply Depot  
  116  12:11  SCV, Marine x6  
  116  12:12  Marine  
  124  12:29  Marine x7  
  130  12:36  Medivac  
  133  12:46  Marine  
  133  12:47  Marine x6  
  140  13:04  Marine  
  140  13:05  Marine x6  
  147  13:23  Marine x2  
  149  13:29  Marine  
  147  14:13  Marine x2  
  149  14:22  Supply Depot x2  
  149  14:23  Supply Depot  
Tags
 
Add a new tag
Caveats
  • Supply blocks, unpowered buildings, or Contaminate may cause inaccurate times.
  • Supply counts are checked every 10 seconds.